 Dungeon Crawl Stone Soup version 0.25-a0-474-ga8a2ee3166 (webtiles) character file.

Game seed: 17357683697183841138, levelgen mode: deterministic

279 Emblim88 the Ruffian (level 6, -3/63 HPs)
             Began as a Troll Monk on Feb 7, 2020.
             Killed by divine providence
             ... invoked by an orc priest
              (15 damage)
             ... on level 4 of the Dungeon.
             The game lasted 00:03:22 (2669 turns).

Emblim88 the Ruffian (Troll Monk)                   Turns: 2669, Time: 00:03:24

Health: -3/63      AC:  6    Str: 22    XL:     6   Next: 5%
Magic:  5/5        EV: 10    Int:  6    God:
Gold:   131        SH:  0    Dex: 12    Spells: 5/5 levels left

rFire    . . .     SeeInvis .     - Unarmed
rCold    . . .     Gourm    +   (no shield)
rNeg     . . .     Faith    .   a - +0 robe
rPois    .         Spirit   .   (helmet restricted)
rElec    .         Reflect  .   (no cloak)
rCorr    .         Harm     .   (gloves unavailable)
MR       .....                  (boots unavailable)
Stlth    ++........             (no amulet)
HPRegen  0.60/turn              (no ring)
MPRegen  0.09/turn              (no ring)

@: slowed, very slow
A: large, unfitting armour, claws 3, fast metabolism 3, gourmand, regeneration
1, shaggy fur 1, tough skin 3
a: no special abilities


You were on level 4 of the Dungeon.
You were completely stuffed.

You visited 1 branch of the dungeon, and saw 4 of its levels.

You collected 131 gold pieces.

Inventory:

Missiles
 l - 64 stones (quivered)
Armour
 a - a +0 robe (worn)
Jewellery
 f - an uncursed ring of see invisible {unknown}
 i - an uncursed ring of ice {unknown}
Scrolls
 c - 10 scrolls of identify {unknown}
 e - 2 scrolls of fog {unknown}
 g - 4 scrolls of teleportation {unknown}
 n - a scroll of enchant weapon {unknown}
 p - a scroll of noise {unknown}
Potions
 d - a potion of might {unknown}
 h - 3 potions of invisibility {unknown}
 j - a potion of curing {unknown}
 k - a potion of degeneration {unknown}
 o - a potion of heal wounds {unknown}
Comestibles
 b - 10 rations
 m - a chunk of flesh


   Skills:
 + Level 4.3 Fighting
 - Level 2.4 Dodging
 - Level 1.0 Stealth
 + Level 5.2 Unarmed Combat


You had 5 spell levels left.
You didn't know any spells.
Your spell library was empty.

Dungeon Overview and Level Annotations

Branches:
Dungeon (4/15)
 Temple: D:4-7

Altars:
Yredelemnul


Innate Abilities, Weirdness & Mutations

You are too large for most types of armour.
You have claws for hands.
Your metabolism is lightning-fast.
You like to eat raw meat.
Your natural rate of healing is unusually fast.
You are covered in fur. (AC +1)
You have extremely tough skin. (AC +3)


Message History

The orc priest is heavily wounded.
The orc wizard closely misses you.
The orc priest hits you with a +0 trident.
You scratch the orc priest.
The orc priest is severely wounded.
The orc priest calls down the wrath of Beogh upon you.
Pain shoots through your body!
You are too injured to fight recklessly!
You are too injured to fight recklessly!
The orc priest hits you with a +0 trident.
The orc wizard mumbles some strange words.
The orc wizard blinks!
The orc hits you but does no damage.
The orc wizard points at you and mumbles some strange words.
You feel yourself slow down.
The orc priest hits you from afar with a +0 trident!
* * * LOW HITPOINT WARNING * * *
The orc closely misses you.
The orc priest invokes the aid of Beogh against you.
Beogh smites you!
You die...

##..#######
....#..##.# ..
.......#..#### ...
.....#.o..?#.#....
........#o.......
#...........##
...#.##†..@ooo.[#
........<..........
......##...........
..... ..........##.
.... .............
##.................
# ##.............#
....#......#.>
.##.. .###.##


You could see 3 orc priests, an orc wizard and an orc.

Vanquished Creatures
  2 hounds
  An orc priest (D:3)
  2 worker ants (D:3)
  6 adders
  2 worms (D:2)
  2 dart slugs (D:3)
  2 leopard geckos
  3 orcs (D:3)
  A ball python (D:3)
  2 giant cockroaches (D:2)
  11 goblins
  10 hobgoblins
  6 jackals
  6 kobolds
  A quokka (D:2)
  10 bats
  4 frilled lizards
  6 rats
77 creatures vanquished.

Notes
Turn   | Place    | Note
-------+----------+-------------------------------------------
     0 | D:1      | Emblim88 the Troll Monk began the quest for the Orb.
     0 | D:1      | Reached XP level 1. HP: 22/22 MP: 0/0
   135 | D:1      | Reached XP level 2. HP: 29/29 MP: 1/1
   742 | D:2      | Reached XP level 3. HP: 37/37 MP: 2/2
  1345 | D:2      | Reached skill level 4 in Unarmed Combat
  1423 | D:2      | Reached XP level 4. HP: 44/45 MP: 3/3
  1837 | D:3      | Found a basalt altar of Yredelemnul.
  2201 | D:3      | Reached XP level 5. HP: 49/54 MP: 4/4
  2439 | D:3      | Reached skill level 5 in Unarmed Combat
  2471 | D:3      | Reached XP level 6. HP: 14/63 MP: 5/5
  2669 | D:4      | Killed from afar by an orc priest

Levels and vault maps discovered:
D:1:      shiori_arrival_oz, layout_loops_ring
D:2:      layout_basic, minmay_fractal_squares_5
D:3:      layout_basic, yredelemnul_altar_generic
D:4:      layout_cave_pools, minmay_temple_entry_sparse_star, serial_shops, shop

Skill      XL: |  1  2  3  4  5 |
---------------+----------------+-----
Fighting       | 3 4 |  4.3
Unarmed Combat | 4 5 |  5.2
Dodging        | |  2.4
Stealth        | |  1.0

Action                   |  1- 3 |  4- 6 || total
-------------------------+-------+-------++-------
Melee: Unarmed           |   116 |   102 ||   218
       Punch             |     1 |     1 ||     2
 Stab: Sleeping          |     1 |     1 ||     2
  Eat: Chunk             |    18 |    12 ||    30
Armor: Robe              |    60 |    50 ||   110
Dodge: Dodged            |    74 |    58 ||   132

Table legend:
 A = Non-vault XP
 B = Vault XP
 C = Vault XP percentage of total XP
 D = Non-vault monster count
 E = Vault monster count
 F = Vault count percentage of total count
                 A         B        C        D         E       F
            +---------+---------+-------+---------+---------+-------
      Total |     378 |      21 |   5.3 |      70 |       7 |   9.1
            +---------+---------+-------+---------+---------+-------
        D:1 |      23 |       4 |  14.8 |      14 |       2 |  12.5
        D:2 |      62 |      17 |  21.5 |      26 |       5 |  16.1
        D:3 |     253 |       0 |   0.0 |      29 |       0 |   0.0
        D:4 |      40 |       0 |   0.0 |       1 |       0 |   0.0
            +---------+---------+-------+---------+---------+-------
